Map: [ESL] Hecate

Players

SKillous

  • Race: Protoss Protoss
  • League: Diamond
  • Spawn Location: 1:00

ByuN - Winner!

  • Race: Terran Terran
  • Spawn Location: 7:00

Event: IEM Katowice 2024

VOD

Have the link to the VOD?

Description

Time

  • Played on: Feb. 8, 2024, 11:54 a.m.
  • Length: 9:59

All games in this series

Show
View Real Time Build Order
Export as new Build Order

SKillous Protoss 

Build Orders: 1 Gate Expand, Phoenix Opening 

Get SALT Encoding   

  12  0:00  Probe  
  13  0:12  Probe  
  14  0:17  Pylon  
  14  0:24  Probe (Chrono Boost)  
  15  0:36  Probe (Chrono Boost)  
  15  0:39  Gateway  
  16  0:44  Probe (Chrono Boost)  
  16  0:46  Assimilator  
  17  0:50  Probe  
  18  1:03  Probe  
  19  1:15  Probe  
  20  1:26  Cybernetics Core  
  20  1:33  Nexus  
  20  1:39  Pylon  
  20  1:44  Probe  
  21  1:48  Assimilator  
  21  1:56  Probe  
  21  1:59  Adept (Chrono Boost)  
  22  2:08  Probe  
  25  2:19  Adept (Chrono Boost)  
  25  2:20  Probe  
  28  2:25  Stargate  
  28  2:32  Probe  
  28  2:35  Warp Gate  
  29  2:37  Pylon  
  29  2:45  Probe (Chrono Boost)  
  29  2:49  Adept  
  29  2:50  Probe (Chrono Boost)  
  32  2:54  Probe (Chrono Boost)  
  32  2:58  Probe (Chrono Boost)  
  34  2:59  Probe (Chrono Boost)  
  35  3:08  Probe, Phoenix (Chrono Boost)  
  35  3:11  Probe  
  39  3:15  Shield Battery  
  39  3:20  Probe  
  39  3:23  Probe  
  39  3:25  Phoenix (Chrono Boost)  
  39  3:26  Pylon  
  43  3:33  Probe  
  44  3:35  Gateway  
  44  3:36  Probe  
  44  3:40  Assimilator  
  45  3:43  Assimilator  
  45  3:46  Probe  
  46  3:48  Probe  
  46  3:51  Phoenix (Chrono Boost)  
  49  3:55  Pylon  
  49  3:58  Probe  
  49  4:00  Probe  
  51  4:09  Phoenix  
  51  4:13  Probe x2 (Chrono Boost)  
  55  4:18  Robotics Facility  
  55  4:21  Pylon  
  55  4:24  Sentry  
  58  4:25  Probe x2 (Chrono Boost)  
  58  4:29  Stalker  
  61  4:36  Probe  
  61  4:37  Shield Battery  
  62  4:39  Probe  
  62  4:42  Phoenix  
  65  4:47  Pylon  
  65  4:50  Pylon  
  65  4:53  Stalker  
  65  4:55  Stalker  
  70  5:02  Probe (Chrono Boost)  
  70  5:09  Observer  
  70  5:12  Robotics Bay  
  71  5:15  Pylon  
  71  5:19  Nexus  
  67  5:22  Sentry x2  
  67  5:23  Probe  
  67  5:24  Probe  
  73  5:33  Shield Battery  
  74  5:35  Probe  
  74  5:36  Immortal (Chrono Boost)  
  74  5:40  Probe  
  79  5:47  Probe  
  79  5:49  Pylon  
  80  5:52  Probe  
  80  5:55  Observer  
  80  5:56  Phoenix  
  83  5:59  Probe  
  84  6:04  Colossus (Chrono Boost), Pylon  
  84  6:09  Probe  
  91  6:12  Extended Thermal Lance  
  91  6:16  Pylon  
  91  6:18  Probe  
  91  6:21  Forge  
  91  6:24  Probe (Chrono Boost)  
  92  6:32  Probe (Chrono Boost)  
  92  6:36  Probe (Chrono Boost)  
  93  6:41  Twilight Council, Probe (Chrono Boost)  
  93  6:43  Probe (Chrono Boost)  
  93  6:45  Probe (Chrono Boost)  
  93  6:46  Nexus  
  95  6:51  Protoss Ground Weapons Level 1 (Chrono Boost), Pylon  
  97  6:55  Colossus (Chrono Boost)  
  101  7:03  Gateway  
  101  7:06  Gateway  
  101  7:10  Gateway  
  101  7:12  Gateway  
  101  7:14  Probe  
  101  7:15  Charge (Chrono Boost), Probe  
  103  7:16  Probe  
  104  7:26  Assimilator, Templar Archives, Probe  
  104  7:28  Assimilator, Probe  
  106  7:32  Probe  
  107  7:37  Colossus (Chrono Boost)  
  107  7:38  Probe  
  107  7:40  Probe  
  107  7:41  Pylon  
  115  7:44  Probe  
  115  7:50  Probe  
  117  7:51  Zealot x2  
  117  7:53  Shield Battery, Probe  
  117  7:58  Probe  
  123  8:02  Probe  
  123  8:03  Probe  
  125  8:06  Gateway  
  125  8:07  Gateway  
  125  8:09  Pylon, Probe  
  125  8:10  High Templar x2  
  125  8:11  Zealot x2, Pylon  
  134  8:15  Pylon  
  134  8:16  Zealot, Archon  
  137  8:20  Observer (Chrono Boost)  
  137  8:22  Probe  
  137  8:23  Probe x2  
  137  8:24  Probe  
  140  8:27  Pylon  
  140  8:30  Zealot  
  140  8:32  Zealot x2  
  132  8:34  Probe  
  132  8:38  Zealot  
  132  8:39  Probe  
  132  8:40  Probe  
  115  8:42  Probe  
  115  8:43  Stalker  
  115  8:48  Stargate  
  116  8:50  Stalker x2, Forge  
  116  8:53  Stalker x2  
  116  8:55  Probe (Chrono Boost)  
  116  9:06  Probe x2 (Chrono Boost)  
  116  9:07  Probe (Chrono Boost)  
  116  9:08  Probe (Chrono Boost)  
  118  9:14  Zealot x4  
  118  9:16  Probe (Chrono Boost)  
  122  9:17  Probe (Chrono Boost)  
  116  9:27  Twilight Council  
  116  9:29  Pylon  
  116  9:30  Phoenix (Chrono Boost)  
  119  9:40  Zealot x3  
  103  9:47  Zealot x3  
  98  9:54  Stalker x2  
Show
View Real Time Build Order
Export as new Build Order

ByuN Terran - Winner!

Build Orders: Cyclone Opening 

Get SALT Encoding   

  12  0:00  SCV  
  13  0:12  SCV  
  14  0:16  Supply Depot  
  14  0:24  SCV  
  15  0:38  Barracks, SCV  
  16  0:45  Refinery  
  16  0:50  SCV  
  16  0:54  Refinery  
  17  1:03  SCV  
  18  1:15  SCV  
  19  1:25  Reaper  
  20  1:27  Orbital Command  
  20  1:45  Factory  
  20  1:53  SCV  
  21  1:57  Supply Depot  
  21  2:05  SCV  
  22  2:17  SCV  
  22  2:20  Command Center  
  24  2:30  SCV, Starport  
  26  2:37  Cyclone  
  26  2:42  SCV  
  27  2:45  Supply Depot  
  27  2:47  Barracks Reactor  
  27  2:54  SCV  
  28  3:06  SCV  
  28  3:08  Medivac  
  28  3:09  Factory Tech Lab  
  31  3:18  SCV  
  32  3:24  Marine x2  
  33  3:28  Cyclone  
  33  3:30  SCV  
  36  3:37  Liberator  
  39  3:41  Marine x2  
  39  3:42  SCV  
  39  3:48  Orbital Command  
  43  3:55  SCV  
  43  3:59  Marine x2  
  43  4:01  Cyclone  
  47  4:07  SCV, Supply Depot  
  48  4:15  SCV  
  49  4:17  Marine x2  
  49  4:20  SCV  
  52  4:25  Supply Depot  
  52  4:27  SCV  
  53  4:32  SCV  
  53  4:35  Marine x2  
  56  4:39  SCV  
  56  4:44  Cyclone, SCV  
  60  4:51  SCV  
  61  4:56  SCV  
  61  4:58  Command Center  
  62  5:00  Supply Depot  
  62  5:01  Starport Tech Lab, Marine x2  
  62  5:03  SCV  
  65  5:08  SCV  
  65  5:09  Barracks  
  65  5:13  Barracks  
  63  5:15  SCV  
  63  5:19  Marine x2  
  63  5:20  SCV  
  67  5:27  SCV  
  67  5:28  Engineering Bay x2  
  68  5:32  Starport Reactor, Factory Reactor, SCV  
  68  5:35  Refinery x2  
  70  5:43  Barracks  
  70  5:44  SCV  
  70  5:45  Barracks  
  70  5:46  SCV  
  71  5:54  Stimpack, Marine  
  71  5:56  Terran Infantry Weapons Level 1, Terran Infantry Armor Level 1, SCV  
  73  5:58  SCV  
  74  6:08  SCV  
  74  6:10  Orbital Command, SCV  
  76  6:12  Combat Shield  
  76  6:13  Marine x2  
  81  6:19  Medivac x2  
  81  6:21  Marauder x2  
  81  6:23  SCV  
  81  6:24  SCV  
  87  6:33  Barracks Reactor, Barracks Tech Lab, Missile Turret  
  87  6:35  Orbital Command  
  87  6:36  SCV  
  87  6:37  SCV  
  89  6:42  Supply Depot  
  89  6:43  Marauder  
  89  6:45  Missile Turret  
  91  6:48  SCV  
  91  6:49  SCV  
  91  6:54  Barracks Tech Lab, Armory, Missile Turret  
  93  7:02  Supply Depot  
  93  7:03  SCV x2  
  93  7:04  Marauder, SCV  
  98  7:09  Armory  
  98  7:10  Supply Depot  
  98  7:14  Supply Depot  
  98  7:16  SCV x3  
  98  7:18  Missile Turret  
  101  7:23  Medivac x2  
  101  7:24  Marauder  
  101  7:27  Marine  
  101  7:28  SCV  
  109  7:32  SCV, Marine x2  
  109  7:33  SCV  
  109  7:35  Concussive Shells  
  109  7:36  Marauder  
  115  7:42  Marauder  
  117  7:45  Marauder, Marine  
  117  7:50  Marauder, Marine  
  123  7:53  Refinery x2  
  123  7:54  Ghost Academy  
  123  7:58  Supply Depot, Marauder  
  125  7:59  Supply Depot  
  125  8:03  SCV x3  
  125  8:04  Marauder  
  130  8:14  Marauder  
  136  8:20  Marauder x2  
  136  8:25  Marauder  
  133  8:35  Marine  
  133  8:36  Marauder, Marine  
  133  8:37  Medivac, Widow Mine x2  
  141  8:41  Marauder  
  141  8:44  Medivac  
  135  8:51  Marauder x2  
  135  8:53  Marine x2  
  133  8:58  Ghost, Widow Mine x2  
  133  9:05  Ghost  
  133  9:07  Medivac  
  133  9:09  Command Center  
  136  9:11  Marine x2  
  136  9:14  Medivac  
  140  9:19  Widow Mine x2, Marauder x2  
  146  9:28  Marauder  
  146  9:29  Marine x2  
  147  9:34  Marauder  

Tags
 
Add a new tag
Caveats
  • Supply blocks, unpowered buildings, or Contaminate may cause inaccurate times.
  • Supply counts are checked every 10 seconds.